 Dungeon Crawl Stone Soup version 0.20-a0-562-g1086055 (webtiles) character file.

39552 theclanless the Cleaver (level 13, -1/88 HPs)
             Began as a Centaur Fighter on Feb 3, 2017.
             Was a High Priest of Ieoh Jian.
             Slain by a four-headed hydra (6 damage)
             ... on level 6 of the Lair of Beasts.
             The game lasted 01:24:29 (14471 turns).

theclanless the Cleaver (Centaur Fighter)          Turns: 14471, Time: 01:24:29

Health: -1/88      AC: 25    Str: 23    XL:     13   Next: 69%
Magic:  14/14      EV: 17    Int: 11    God:    Ieoh Jian [*****.]
Gold:   435        SH: 14    Dex: 12    Spells: 9/12 levels left

rFire    . . .     SeeInvis +   a - +3 war axe (flame)
rCold    + . .     Gourm    +   Y - +1 robe of Rimos {SInv}
rNeg     . . .     Faith    .   c - +2 shield
rPois    .         Spirit   .   (no helmet)
rElec    .         Reflect  .   (no cloak)
rCorr    .         Harm     .   h - +0 pair of gloves of Quantum Leap {+Fly Int+4} (curse)
MR       .....                  u - +4 centaur barding
Stlth    +.........             X - amulet of the gourmand
Regen    0.7/turn               z - +5 ring of protection
                                W - +6 ring of evasion

@: exhausted, glowing, heaven on earth, very quick
A: hooves 3, icy blue scales 1, iridescent scales 1, agile 1, cold resistance 1,
deformed body, speed 2, frail 2, high mp 1, sense surroundings 1, regeneration
1, tough skin 3
a: Serpent's Lash, Heaven On Earth, Renounce Religion, Evoke Flight


You were on level 6 of the Lair of Beasts.
You worshipped Ieoh Jian.
Ieoh Jian was extremely pleased with you.
You were completely stuffed.

You visited 3 branches of the dungeon, and saw 20 of its levels.
You visited 1 bazaar.

You collected 1149 gold pieces.
You spent 714 gold pieces at shops.

Inventory:

Hand Weapons
 a - a +3 war axe of flaming (weapon)
 b - a +2 broad axe of venom
Missiles
 l - 26 tomahawks (quivered)
 p - 569 stones
 s - 4 javelins
Armour
 c - a +2 shield (worn)
 h - the cursed +0 pair of gloves of Quantum Leap (worn) {+Fly Int+4}
   (You bought it in a shop in a bazaar)

   It affects your intelligence (+4).
   It lets you fly.
   It has a curse placed upon it.
 u - a +4 centaur barding (worn)
 H - the +1 leather armour of Conscience {rCorr MP+9 Int-5 Dex+8, unknown}
   (You found it on level 6 of the Lair of Beasts)

   It affects your intelligence (-5).
   It affects your dexterity (+8).
   It affects your magic capacity (+9).
   It protects you from acid and corrosion.
 Y - the +1 robe of Rimos (worn) {SInv}
   (You found it on level 10 of the Dungeon)

   It lets you see invisible.
Jewellery
 m - an uncursed ring of protection from fire
 q - a +4 ring of dexterity
 z - a +5 ring of protection (right hand)
 F - an uncursed amulet of rage
 T - an uncursed ring of protection from fire
 W - a +6 ring of evasion (left hand)
 X - an amulet of the gourmand (around neck)
Wands
 k - a wand of paralysis (7/24)
 K - a wand of confusion (24/48)
 M - a wand of acid (8/15)
 U - a wand of disintegration (11/24)
 V - a wand of iceblast (2/15)
 Z - a wand of lightning (4/15)
Scrolls
 t - 9 scrolls of remove curse
 v - 10 scrolls of teleportation
 x - 3 scrolls of amnesia
 y - 10 scrolls of identify
 A - 5 scrolls of fear
 B - a scroll of immolation
 C - 4 scrolls of recharging
 I - 6 scrolls of fog
 P - 3 scrolls of blinking
Potions
 d - 3 potions of might
 e - a potion of lignification
 i - 4 potions of ambrosia
 j - 4 potions of flight
 n - 2 potions of brilliance
 o - 5 potions of haste
 w - a potion of agility
 D - 6 potions of curing
 E - a potion of magic
 J - 4 potions of berserk rage
 N - a potion of invisibility
 O - 2 potions of cure mutation
Comestibles
 f - 2 royal jellies
 g - a meat ration
 r - 54 fruits
 G - a chunk of flesh


   Skills:
 + Level 8.9 Fighting
 * Level 11.4 Axes
 + Level 8.3 Armour
 * Level 7.7 Dodging
 * Level 10.0 Shields


You had 9 spell levels left.
You knew the following spells:

 Your Spells              Type           Power        Failure   Level  Hunger
c - Regeneration          Chrm/Necr      #.........   90%         3    ####...


Dungeon Overview and Level Annotations

Branches:
Dungeon (13/15)            Temple (1/1) D:5            Lair (6/6) D:11
  Swamp (0/4) Lair:3       Spider (0/4) Lair:3        Slime (0/5) Lair:5
    Orc (0/2) D:9
 Vaults: D:13-14

Altars:
Ashenzari
Cheibriados
Dithmenos
Elyvilon
Fedhas
Gozag
Hepliaklqana Ieoh Jian
Kikubaaqudgha
Makhleb
Nemelex Xobeh
Okawaru
Qazlal
Ru
Sif Muna
Trog
Uskayaw
Vehumet
Xom
Yredelemnul
Zin
The Shining One
Beogh
Jiyva

Shops:
D:4 ?%(:*   D:10 *

Annotations:
Lair:5 1 runed door


Innate Abilities, Weirdness & Mutations

You have hooves in place of feet.
Armour fits poorly on your strangely shaped body.
You cover ground very quickly.
You have extremely tough skin. (AC +3)
You are partially covered in icy blue scales. (AC +2)
You are partially covered in iridescent scales. (AC +2)
You are agile. (Dex +2)
Your flesh is cold resistant. (rC+)
You are very frail. (-20% HP)
You have an increased reservoir of magic. (+10% MP)
You passively map a small area around you.
Your natural rate of healing is unusually fast.


Message History

You burn the komodo dragon.
You lop one of the five-headed hydra's heads off!
The flame cauterises the wound!
You slash the four-headed hydra! You burn the four-headed hydra.
You hear a bleat! x2
The komodo dragon misses you.
The blink frog blinks!
The three-headed hydra bites you but does no damage.
The three-headed hydra closely misses you.
The three-headed hydra completely misses you.
The komodo dragon misses you. You block the elephant's attack. x2
The polar bear bites the plant but does no damage.
The polar bear claws the plant but does no damage. x2
The elephant tramples you!
* * * LOW HITPOINT WARNING * * *
You hold your ground!
The elephant trunk-slaps you but does no damage.
You block the four-headed hydra's attack.
The four-headed hydra bites you but does no damage.
The four-headed hydra bites you.
You die...

* #≈Y#≈≈##≈≈##≈≈##≈≈#. , ,*
P≈#.≈≈##≈≈##≈≈##≈≈## .. *
≈≈..≈≈§.l≈≈....P.... ..#
*#.....tl..........
##..#####§.t§Y#...........
##P..P#P#§§§§§##§Y†........
#.....§§§§FHt#...Y.........
,, #..#§#§§lYlYYF##..........
, **
#.§.§§§§Y@DlP..#....#..#.. ,,
##.§.§§§§Dl§......#.##†...
#P.?§§§§§Ph§.#......P..... ,
*#.§.§.†##§....##.......†..
#.§....##P...P#.......†...
.....§§§§§..§................
.....§.#..§§............##P..
.....§..§.....P#.###....,....
..#..#...##...P##.#.#..#..#.P


You could see a four-headed hydra, a three-headed hydra, 3 elephants, a polar
bear, 2 komodo dragons, a hippogriff, a blink frog, a crocodile and 2 wyverns.

Vanquished Creatures
  Nessos (D:12)
  2 hydras (Lair:4)
  The ghost of miltonslavemasta the Spear-Bearer, a journeyman DsMo of Ieoh Jian (D:11)
  A merfolk avatar (Lair:6)
  A catoblepas (Lair:4)
  5 two-headed ogres
  A death yak (Lair:4)
  Urug (D:12)
  A sea snake (Lair:6)
  2 unseen horrors
  A wizard (D:10)
  A harpy (Lair:6)
  6 elephants (Lair:6)
  3 black mambas
  Psyche (D:9)
  2 rime drakes
  6 spiny frogs
  A kobold demonologist (D:12)
  6 komodo dragons
  2 polar bears (Lair:6)
  2 hippogriffs (Lair:4)
  17 blink frogs
  A spriggan (D:7)
  26 yaks
  5 basilisks
  2 wyverns
  2 humans (D:8)
  2 hungry ghosts (D:12)
  Menkaure (D:4)
  14 water moccasins
  9 porcupines
  4 phantoms
  An ice beast (D:10)
  5 orc warriors
  4 sky beasts
  An eye of draining (D:12)
  10 ogres
  10 wolves
  7 centaurs
  8 crocodiles
  4 big kobolds
  17 bullfrogs
  A gnoll sergeant (D:11)
  3 scorpions (Lair:3)
  17 killer bees
  3 howler monkeys
  8 crimson imps
  A centaur zombie (D:10)
  2 hounds (D:7)
  A jelly (D:5)
  A gnoll shaman (D:7)
  7 orc priests
  14 orc wizards
  Jessica (D:3)
  A centaur skeleton (D:10)
  4 iguanas
  12 worker ants
  A hound skeleton (D:5)
  16 gnolls
  16 adders
  2 shadow imps (D:12)
  An ooze (D:5)
  3 adder skeletons
  3 worms
  2 dart slugs
  5 leopard geckos
  48 orcs
  8 giant cockroaches
  13 goblins
  9 hobgoblins
  41 kobolds
  A quokka (D:7)
  A ball python (D:3)
  12 bats
  4 frilled lizards
  10 rats
  A butterfly (Lair:2)
  4 fungi
  2 plants
476 creatures vanquished.

Vanquished Creatures (others)
  A rakshasa (D:11)
  A vampire (D:11)
  A wyvern (D:10)
  2 yaks (D:12)
  An orc warrior (D:11)
  A big kobold (D:5)
  A scorpion (D:7)
  A killer bee (D:9)
  An orc priest (D:9)
  An orc wizard (D:10)
  A gnoll (D:7)
  2 orcs
  9 fungi
  5 plants
28 creatures vanquished.

Grand Total: 504 creatures vanquished

Notes
Turn   | Place    | Note
-------+----------+-------------------------------------------
     0 | D:1      | theclanless the Centaur Fighter began the quest for the Orb.
     0 | D:1      | Reached XP level 1. HP: 19/19 MP: 1/1
    65 | D:1      | Reached skill level 2 in Axes
    74 | D:1      | Reached XP level 2. HP: 12/26 MP: 2/2
   621 | D:2      | Reached XP level 3. HP: 27/31 MP: 3/3
   871 | D:2      | Reached XP level 4. HP: 33/38 MP: 4/4
  1102 | D:2      | Found a glowing golden altar of the Shining One.
  1118 | D:2      | Became a worshipper of the Shining One
  1476 | D:3      | Noticed Jessica
  1477 | D:3      | Found a glowing silver altar of Zin.
  1486 | D:3      | Killed Jessica
  1486 | D:3      | Reached XP level 5. HP: 37/45 MP: 5/5
  2405 | D:4      | Found Fonuts's Assorted Antiques.
  2410 | D:4      | Found Iddetuof's Book Shop.
  2420 | D:4      | Bought an emerald potion for 22 gold pieces
  2420 | D:4      | Bought a silvery potion for 22 gold pieces
  2420 | D:4      | Bought a scroll of identify for 50 gold pieces
  2542 | D:4      | Reached skill level 1 in Dodging
  2582 | D:4      | Reached skill level 3 in Axes
  2640 | D:4      | Noticed Menkaure
  2646 | D:4      | Killed Menkaure
  2646 | D:4      | Reached XP level 6. HP: 26/52 MP: 6/6
  2830 | D:4      | Found Uxierygoff's Antique Weapon Shop.
  2882 | D:4      | Found a sacrificial altar of Ru.
  2894 | D:4      | Found a deep blue altar of Sif Muna.
  2915 | D:4      | Found Oboirph's Food Shoppe.
  2918 | D:4      | Found Wopniurr's Magic Scroll Boutique.
  2923 | D:4      | Bought a scroll of identify for 20 gold pieces
  2923 | D:4      | Bought a scroll of identify for 20 gold pieces
  2923 | D:4      | Bought a scroll of identify for 20 gold pieces
  3031 | D:5      | Entered Level 5 of the Dungeon
  3230 | D:5      | Reached * piety under the Shining One
  3335 | D:5      | Noticed a sky beast
  3336 | D:5      | Found a staircase to the Ecumenical Temple.
  3344 | D:5      | Killed a sky beast
  3344 | D:5      | Reached XP level 7. HP: 57/58 MP: 7/7
  3349 | Temple   | Entered the Ecumenical Temple
  3383 | Temple   | Fell from the grace of the Shining One
  3383 | Temple   | Became a worshipper of the Ieoh Jian Council
  3487 | D:5      | Found a burning altar of Makhleb.
  3746 | D:5      | Found a basalt altar of Yredelemnul.
  3746 | D:5      | Found a shimmering altar of Xom.
  4020 | D:5      | Reached skill level 4 in Axes
  4048 | D:5      | Reached * piety under Ieoh Jian
  4400 | D:6      | Reached XP level 8. HP: 65/66 MP: 8/8
  4677 | D:7      | Found an ancient bone altar of Kikubaaqudgha.
  4729 | D:7      | Reached skill level 5 in Axes
  4807 | D:7      | Noticed a deep elf mage
  4999 | D:7      | Reached ** piety under Ieoh Jian
  5073 | D:7      | Gained mutation: You are partially covered in iridescent scales. (AC +2) [potion of mutation]
  5073 | D:7      | Gained mutation: Your flesh is cold resistant. (rC+) [potion of mutation]
  5073 | D:7      | Gained mutation: Your natural rate of healing is unusually fast. [potion of mutation]
  5278 | D:7      | Reached skill level 5 in Shields
  5350 | D:7      | Reached skill level 5 in Armour
  5473 | D:7      | Reached XP level 9. HP: 47/72 MP: 9/9
  5815 | D:8      | Found an iron altar of Okawaru.
  5862 | D:8      | Noticed a two-headed ogre
  5933 | D:8      | Reached skill level 5 in Fighting
  5945 | D:8      | Killed a two-headed ogre
  5945 | D:8      | Reached skill level 6 in Axes
  6096 | D:8      | Reached *** piety under Ieoh Jian
  6179 | D:9      | Noticed a two-headed ogre
  6192 | D:9      | Killed a two-headed ogre
  6192 | D:9      | Reached XP level 10. HP: 67/82 MP: 10/10
  6395 | D:9      | Gained mutation: You are agile. (Dex +2) [mutagenic meat]
  6499 | D:9      | Found a staircase to the Orcish Mines.
  6511 | D:9      | Found a roughly hewn altar of Beogh.
  6521 | D:9      | Reached skill level 7 in Axes
  6744 | D:9      | Noticed Psyche
  6754 | D:9      | Killed Psyche
  6772 | D:9      | Learned a level 3 spell: Regeneration
  7004 | D:10     | Entered Level 10 of the Dungeon
  7034 | D:10     | Reached **** piety under Ieoh Jian
  7296 | D:10     | Noticed a two-headed ogre
  7307 | D:10     | Killed a two-headed ogre
  7335 | D:10     | Found Olintul's Assorted Antiques.
  7340 | D:10     | Noticed a two-headed ogre
  7364 | D:10     | Gained mutation: You passively map a small area around you. [mutagenic meat]
  7366 | D:10     | Gained mutation: You are frail. (-10% HP) [mutagenic meat]
  7372 | D:10     | Killed a two-headed ogre
  7414 | D:10     | Reached skill level 8 in Axes
  7726 | D:10     | Got a creamy pearl robe
  7816 | D:10     | Noticed a wizard
  7823 | D:10     | Killed a wizard
  7823 | D:10     | Reached XP level 11. HP: 57/81 MP: 11/11
  8040 | D:11     | Noticed a two-headed ogre
  8047 | D:11     | Killed a two-headed ogre
  8156 | D:11     | Noticed an unseen horror
  8208 | D:11     | Found a staircase to the Lair.
  8225 | Lair:1   | Entered Level 1 of the Lair of Beasts
  8289 | Lair:1   | Identified the +1 robe of Rimos {SInv} (You found it on level 10 of the Dungeon)
  8395 | D:11     | Noticed a rakshasa
  8398 | D:11     | Banished a rakshasa
  8411 | D:11     | Noticed a two-headed ogre
  8423 | D:11     | Reached ***** piety under Ieoh Jian
  8710 | D:11     | Killed an unseen horror
  8733 | D:11     | Noticed miltonslavemasta's ghost (journeyman DsMo)
  8737 | D:11     | Reached skill level 9 in Axes
  8878 | D:12     | Gained mutation: You are very frail. (-20% HP) [mutagenic meat]
  8879 | D:12     | Gained mutation: Your flesh is very cold resistant. (rC++) [mutagenic meat]
  8880 | D:12     | Gained mutation: You tend to lose your temper in combat. [mutagenic meat]
  8881 | D:12     | Gained mutation: You are partially covered in icy blue scales. (AC +2) [mutagenic meat]
  8913 | D:12     | Found a flickering gateway to a bazaar.
  8930 | Bazaar   | Entered a bazaar
  8940 | Bazaar   | Found Itagej's Armour Shoppe.
  8947 | Bazaar   | Found Jidasseg's Book Boutique.
  8958 | Bazaar   | Found Ugetod's Food Boutique.
  8961 | Bazaar   | Found Giarhog's Antique Armour Shoppe.
  8969 | Bazaar   | Bought a pair of fine gloves for 285 gold pieces
  8974 | Bazaar   | Identified the cursed +0 pair of gloves of Quantum Leap {+Fly Int+4} (You bought it in a shop in a bazaar)
  9011 | D:12     | Gained mutation: You have an increased reservoir of magic. (+10% MP) [potion of mutation]
  9011 | D:12     | Lost mutation: Your flesh is very cold resistant. (rC++) [potion of mutation]
  9011 | D:12     | Lost mutation: You tend to lose your temper in combat. [potion of mutation]
  9013 | D:12     | Noticed Nessos
  9044 | D:12     | Reached skill level 5 in Dodging
  9130 | D:12     | Noticed a soul eater
  9133 | D:12     | Noticed a soul eater
  9279 | D:12     | Noticed an unseen horror
  9286 | D:12     | Killed an unseen horror
  9361 | D:11     | Killed miltonslavemasta's ghost
  9501 | D:4      | Bought a scroll of brand weapon for 200 gold pieces
  9501 | D:4      | Bought a scroll of enchant armour for 75 gold pieces
  9745 | D:12     | Reached XP level 12. HP: 80/80 MP: 13/13
  9806 | D:12     | Noticed Urug
  9822 | D:12     | Killed Urug
  9904 | D:12     | Killed Nessos
 11356 | Lair:2   | Reached skill level 10 in Axes
 12282 | Lair:3   | Found a staircase to the Swamp.
 12530 | Lair:3   | Found a hole to the Spider Nest.
 12941 | Lair:4   | Noticed a catoblepas
 12944 | Lair:4   | Reached XP level 13. HP: 79/85 MP: 14/14
 13463 | Lair:4   | Reached ****** piety under Ieoh Jian
 13653 | Lair:5   | Found a runed door.
 13653 | Lair:5   | Noticed an acid blob
 13653 | Lair:5   | Noticed an acid blob
 13654 | Lair:5   | Found a viscous altar of Jiyva.
 13654 | Lair:5   | Found a staircase to the Slime Pits.
 14248 | Lair:5   | Reached skill level 11 in Axes
 14373 | Lair:6   | Entered Level 6 of the Lair of Beasts
 14441 | Lair:6   | Got a slimy leather armour
 14468 | Lair:6   | Reached skill level 10 in Shields
 14469 | Lair:6   | HP: 3/88 [five-headed hydra (3)]
 14471 | Lair:6   | Slain by a four-headed hydra

Vault maps used:
D:1:      lemuel_arrival_muddy, minmay_misc_feat_columns
D:2:      tso_metal_star
D:3:      lemuel_doored_altar, kennysheep_generic_room_10, uniq_jessica
D:4:      amethyst_overflow_temple_binary, serial_shops, shop, shop,
          nicolae_shop_temple_entry_statues_fountains, shop, shop, uniq_menkaure
D:5:      minmay_goblin_kobold_castle, gammafunk_temple_overflow_wave,
          minmay_temple_entry_large_hall, basic_altar, first_bread
D:7:      kiku_gazebo_pond_becter, minmay_splitting_lines, the_bakery,
          minmay_misc_feat_diagonals, guppyfry_early_elven_hall
D:8:      okawaru_humans
D:9:      minmay_orc_entry_temple_small, uniq_psyche
D:10:     serial_shops, shop, dk_vineyard_2, lightli_wizard_tower
D:11:     grunt_lair_entry_orc_guard_hut, serial_park_tiny_2
D:12:     serial_shops, bzr_entry_islet, wad_dig_loot, uniq_urug, uniq_nessos
D:13:     kennysheep_windowed_halls, serial_glass, glass_columns_b,
          glass_columns_a, uniq_josephine
Temple:   kb_temple_of_zot
Lair:1:   minivault_24, lemuel_fruit_tree
Lair:2:   serial_bayou_crossing, lemuel_fruit_fields
Lair:3:   swamp_mist_pool, nicolae_spider_entry_non_spiders, grunt_megastairs_5
Lair:4:   st_stairs_11, nicolae_lair_yak_garden
Lair:5:   slime_altar_2
Lair:6:   gammafunk_lair_ancient_temple, infiniplex_staircase_pool_2
Bazaar:   bazaar_kb_twisted_cavern

Skill      XL: |  1  2  3  4  5  6  7  8  9 10 11 12 13 |
---------------+----------------------------------------+-----
Axes           | 2 3 4 5 6 8 9 10 11 | 11.4
Shields        | 3 4 5 6 7 8 9 10 | 10.0
Dodging        | 1 2 3 4 5 6 7 |  7.7
Armour         | 3 4 5 6 7 8 |  8.3
Fighting       | 4 5 6 7 8 |  8.9

Action                   |  1- 3 |  4- 6 |  7- 9 | 10-12 | 13-15 || total
-------------------------+-------+-------+-------+-------+-------++-------
Melee: War axe           |   127 |   139 |   278 |   524 |    70 ||  1138
       Kick              |    19 |    25 |    52 |   241 |    70 ||   407
       Broad axe         |       |       |       |   285 |   152 ||   437
Throw: Tomahawk          |     1 |     3 |    14 |     2 |       ||    20
 Abil: Serpent's Lash    |       |       |       |     1 |     2 ||     3
       Heaven On Earth   |       |       |       |     1 |     1 ||     2
Evoke: Wand              |       |     3 |       |       |       ||     3
  Use: Scroll            |     7 |     7 |    11 |    11 |     1 ||    37
       Potion            |       |     2 |     4 |     3 |     2 ||    11
 Stab: Distracted        |       |       |       |     1 |       ||     1
       Invisible         |       |       |       |     1 |       ||     1
  Eat: Chunk             |       |     6 |     8 |    54 |     4 ||    72
Armor: Scale mail        |    71 |    59 |    42 |    34 |       ||   206
       Robe              |       |       |       |    70 |    50 ||   120
Dodge: Dodged            |    30 |    35 |    41 |   221 |    65 ||   392
Block: Shield            |    70 |    68 |    83 |   332 |   102 ||   655
